 Dungeon Crawl Stone Soup version 0.32-a0-975-g85d4e5bfdb (webtiles) character file.

Game seed: 8786904693427725077

197 Shayle the Apothecary (level 5, -1/38 HPs)
             Began as a Coglin Alchemist on Apr 18, 2024.
             Slain by a water moccasin (7 damage)
             ... on level 4 of the Dungeon.
             The game lasted 00:07:37 (2585 turns).

Shayle the Apothecary (Coglin Alchemist)            Turns: 2585, Time: 00:07:38

Health: -1/38      AC:  3    Str:  8    XL:     5   Next: 75%
Magic:  8/8        EV: 11    Int: 17    God:
Gold:   165        SH:  0    Dex: 14    Spells: 5/9 levels left

rFire   + . .        q - +2 dagger (venom) {Seojun}
rCold   + . .        d - +1 dagger (vamp) {Ur-Dumizida}
rNeg    . . .        a - +0 robe
rPois   +            h - +0 helmet
rElec   +            (no cloak)
rCorr   +            (no gloves)
SInv    .            (no boots)
Will    .....        (amulet unavailable)
Stlth   ++           (ring unavailable)
HPRegen 0.26/turn    (ring unavailable)
MPRegen 0.11/turn    (no gizmo)

%: no passive effects
@: lethally poisoned (-1 -> -9), resistant, revved
A: off-hand wielding, slow wielding, warmup strikes, no jewellery
a: Invent Gizmo


You were on level 4 of the Dungeon.
You visited 1 branch of the dungeon, and saw 4 of its levels.

You collected 165 gold pieces.

Inventory:

Hand Weapons
 d - a +1 vampiric dagger (offhand) {Ur-Dumizida}
 f - a +1 dagger of flaming {Zola}
 j - a +0 sling
 q - a +2 dagger of venom (weapon) {Seojun}
Armour
 a - a +0 robe (worn)
 h - a +0 helmet (worn)
Wands
 k - a wand of iceblast (7)
Scrolls
 e - 5 scrolls of teleportation
 g - a scroll of summoning
 o - a scroll of poison
Potions
 b - a potion of magic
 c - a potion of resistance
 i - a potion of lignification
 l - a potion of brilliance {unknown}
 m - 2 potions of heal wounds {unknown}
 p - a potion of enlightenment {unknown}


   Skills:
 + Level 2.1 Fighting
 + Level 2.8 Dodging
 - Level 1.5 Stealth
 + Level 2.6 Spellcasting
 + Level 2.2 Conjurations
 + Level 4.2 Alchemy


You had 5 spell levels left.
You knew the following spells:

 Your Spells              Type           Power      Damage    Failure   Level
a - Sting                 Conj/Alch      52%        1d6       4%          1
b - Mephitic Cloud        Conj/Alch/Air  9%         N/A       22%         3

Your spell library contained the following spells:

 Spells                   Type           Power      Damage    Failure   Level
 Mercury Vapours          Alch/Air       18%        N/A       12%         2
 Lesser Beckoning         Tloc           4%         N/A       28%         2
 Scorch                   Fire           4%         2d5       28%         2
 Olgreb's Toxic Radiance  Alch           16%        N/A       32%         4
 Maxwell's Portable Pile  Tloc           2%         2d(5-14)  50%         3
 Teleport Other           Tloc           2%         N/A       50%         3
 Volatile Blastmotes      Fire/Tloc      4%         2d10      50%         3
 Sticky Flame             Fire/Alch      9%         2d5       58%         4
 Flame Wave               Conj/Fire      6%         2d5       75%         4
 Vhi's Electric Charge    Tloc/Air       4%         N/A       88%         4
 Gell's Gavotte           Tloc           1%         2d(11-17) 100%        6
 Summon Cactus Giant      Summ           1%         N/A       100%        6


Dungeon Overview and Level Annotations

Branches:
Dungeon (4/15)
 Temple: D:4-7

Altars:
Hepliaklqana
Ru


Innate Abilities, Weirdness & Mutations

You can wield a second weapon in your off-hand.
It takes a long time for you to wield or remove held weapons.
Your first few attacks do less damage.
You cannot equip rings or amulets.


Message History

You feel better. The hound barely misses you. x2
You hit the hound with your +1 vampiric dagger.
You kill the hound!
You see here a hound corpse.
A giant cockroach comes into view.
The water moccasin attacks as it pursues you!
The water moccasin bites you.
You closely miss the water moccasin with your +2 dagger of venom.
You barely miss the water moccasin with your +1 vampiric dagger.
The water moccasin bites you.
You miss the water moccasin with your +1 vampiric dagger.
You barely miss the water moccasin with your +2 dagger of venom.
The water moccasin misses you. The water moccasin bites you!
You closely miss the water moccasin with your +2 dagger of venom.
You barely miss the water moccasin with your +1 vampiric dagger.
The water moccasin misses you.
You closely miss the water moccasin with your +1 vampiric dagger.
You barely miss the water moccasin with your +2 dagger of venom.
The water moccasin bites you.
The water moccasin bites you but does no damage.
You hit the water moccasin but do no damage.
You hit the water moccasin with your +2 dagger of venom.
The water moccasin is poisoned.
The water moccasin bites you.
You closely miss the water moccasin with your +2 dagger of venom.
The water moccasin is lightly wounded.
You miss the water moccasin with your +1 vampiric dagger.
The water moccasin bites you.
You hit the water moccasin but do no damage.
The water moccasin is moderately wounded.
You hit the water moccasin with your +1 vampiric dagger.
You feel better. The water moccasin misses you. The water moccasin bites you.
* * * LOW HITPOINT WARNING * * *
You are lethally poisoned!
The water moccasin poisons you!
It was a potion of resistance.
You feel protected.
* * * LOW HITPOINT WARNING * * *
You feel very sick. The water moccasin bites you!
You die...

###.# #...##.......#... ..#.#
#........###.#... #.#.# ##### ..
#.#......###.#...
#...####...#...##.#.##...........
...(.......#...#.................
...............##.#.##...........
#######....#.## #B# ##?.##.#####.
###....#.####S#.##..# .# #.
#####...........@...###.# .# #.
..................#.# #.# #.
##.##.#.####..###........ #.
##.##.#.####..###...### #.
##.##.#.##............ ...
##.##.#.##.#..#........ ....
...##)#.##.##.#.#...###. ##.[
....#.#.##.##.#.#...# ...
###.#.........#.#...### ..


You could see a water moccasin (very poisoned) and a giant cockroach.

Vanquished Creatures
  A bombardier beetle (D:3)
  A hound (D:4)
  Ijyb (D:3)
  An orc wizard (D:3)
  An adder (D:4)
  2 dart slugs (D:4)
  A ribbon worm (D:2)
  3 orcs
  5 ball pythons
  3 endoplasms
  2 giant cockroaches
  3 goblins
  5 hobgoblins
  4 jackals (D:1)
  5 kobolds
  4 quokkas
  8 bats
  2 frilled lizards
  5 rats
57 creatures vanquished.

Vanquished Creatures (collateral kills)
  A goblin (D:1)
1 creature vanquished.

Grand Total: 58 creatures vanquished

Notes
Turn   | Place    | Note
-------+----------+-------------------------------------------
     0 | D:1      | Shayle the Coglin Alchemist began the quest for the Orb.
     0 | D:1      | Reached XP level 1. HP: 13/13 MP: 3/3
   104 | D:1      | Reached skill level 1 in Conjurations
   299 | D:1      | Reached XP level 2. HP: 18/20 MP: 1/4
  1003 | D:1      | Reached XP level 3. HP: 25/25 MP: 6/6
  1057 | D:1      | Reached skill level 1 in Fighting
  1548 | D:3      | Noticed Ijyb
  1611 | D:2      | Learned a level 3 spell: Mephitic Cloud
  1791 | D:4      | Reached XP level 4. HP: 30/32 MP: 7/7
  1849 | D:4      | Noticed a water moccasin
  1948 | D:3      | Found a sacrificial altar of Ru.
  2139 | D:3      | Reached skill level 4 in Alchemy
  2139 | D:3      | Reached XP level 5. HP: 38/38 MP: 3/8
  2210 | D:3      | Found a faded altar of an unknown god.
  2210 | D:3      | Found a hazy altar of Hepliaklqana.
  2212 | D:3      | Found a faded altar of an unknown god.
  2227 | D:3      | Killed Ijyb
  2585 | D:4      | Slain by a water moccasin

Illustrated notes

Levels and vault maps discovered:
D:1:      mrwooster_arrival_statue, layout_basic
D:2:      layout_rooms, grunt_ministairs_2, minmay_pentomino_x4
D:3:      layout_rooms, nicolae_hepliaklqana_ecumenical_no_more,
          nicolae_ru_awakened_eye, chequers_serial_rivers_small_3, uniq_ijyb
D:4:      layout_basic

Skill      XL: |  1  2  3  4  5 |
---------------+----------------+-----
Conjurations   | 1 2 |  2.2
Dodging        | 2 |  2.8
Spellcasting   | 2 |  2.6
Fighting       | 1 2 |  2.1
Alchemy        | 4 |  4.2
Stealth        | |  1.5

Action                     |  1- 3 |  4- 6 || total
---------------------------+-------+-------++-------
  Melee: Dagger            |   126 |    98 ||   224
         Short sword       |    19 |       ||    19
         Unarmed           |     6 |       ||     6
         Punch             |     1 |       ||     1
   Cast: Sting             |    17 |     7 ||    24
         Mephitic Cloud    |       |     2 ||     2
    Use: Scroll            |     2 |     1 ||     3
         Potion            |       |     3 ||     3
   Stab: Sleeping          |     4 |     1 ||     5
         Confused          |       |     2 ||     2
 Armour: Robe              |    51 |    28 ||    79
         Skin              |       |     7 ||     7
  Dodge: Dodged            |    60 |    28 ||    88

Table legend: (Time is in decaauts)
 A = Elapsed time spent in this place.
 B = Non-inter-level travel time spent in this place.
 C = Inter-level travel time spent in this place.
 D = Time resting spent in this place.
 E = Time spent auto-exploring this place.
 F = Levels seen in this place.
 G = Mean time per level.
                   A        B        C        D        E       F      G
               +--------+--------+--------+--------+--------+-----+--------+
         Total |   2590 |   2509 |     81 |     99 |   1683 |   4 |  647.5 |
       Dungeon |   2590 |   2509 |     81 |     99 |   1683 |   4 |  647.5 |
               +--------+--------+--------+--------+--------+-----+--------+

Top non-repeatable levels by time:
     D:1: 1123 daAuts
     D:3: 711 daAuts
     D:2: 443 daAuts
     D:4: 312 daAuts
